 Dungeon Crawl Stone Soup version 0.31-a0-700-gf13585253f (webtiles) character file.

Game seed: 3162142753913268036

186 qw the Shooter (level 5, -1/32 HPs)
             Began as a Gargoyle Hunter on Sept 7, 2023.
             Was an Initiate of Okawaru.
             Slain by a gnoll bouda
             ... wielding a +0 whip
              (4 damage)
             ... on level 4 of the Dungeon.
             The game lasted 00:00:58 (2447 turns).

qw the Shooter (Gargoyle Hunter)                    Turns: 2447, Time: 00:00:58

Health: -1/32      AC:  8    Str: 15    XL:     5   Next: 66%
Magic:  5/5        EV: 11    Int:  9    God:    Okawaru [......]
Gold:   169        SH:  0    Dex: 15    Spells: 4/4 levels left

rFire   . . .        Y - +0 shortbow
rCold   . . .        (shield currently unavailable)
rNeg    + . .        c - +0 leather armour
rPois   inf          (no helmet)
rElec   +            a - +0 cloak
rCorr   .            (no gloves)
SInv    .            (no boots)
Will    .....        (no amulet)
Stlth   ++           (no ring)
HPRegen 0.25/turn    (no ring)
MPRegen 0.09/turn

%: no passive effects
@: no status effects
A: sickness immunity, AC +4, negative energy resistance 1, electricity
resistance, torment resistance 1, petrification resistance
a: Renounce Religion


You were on level 4 of the Dungeon.
You worshipped Okawaru.
Okawaru was noncommittal.
You visited 1 branch of the dungeon, and saw 4 of its levels.

You collected 169 gold pieces.


Innate Abilities, Weirdness & Mutations

You are immune to sickness and miasma.
Your stone body is resilient. (AC +4)
You are immune to poison.
You resist negative energy. (rN+)
You are resistant to electric shocks. (rElec)
You are resistant to unholy torment.
You are immune to petrification.


   Skills:
 + Level 3.1 Fighting
 - Level 6.2 Ranged Weapons
 - Level 1.0 Armour
 - Level 1.5 Dodging
 - Level 1.1 Stealth


You had 4 spell levels left.
You didn't know any spells.
Your spell library was empty.

Inventory:

Hand Weapons
 Y - a +0 shortbow (weapon)
Armour
 a - a +0 cloak (worn)
 c - a +0 leather armour (worn)
 g - a +0 ring mail
Scrolls
 e - 2 scrolls of identify
Potions
 b - 3 potions of curing
 d - a potion of attraction {unknown}
 f - 2 potions of mutation {unknown}

Dungeon Overview and Level Annotations

Branches:
Dungeon (4/15)             Temple (0/1) D:4

Altars:
Ashenzari
Makhleb
Okawaru
Qazlal
Ru
Sif Muna
Trog
Yredelemnul


Message History

The arrow completely misses the gnoll bouda.
The gnoll hits you but does no damage.
You shoot an arrow.
The arrow completely misses the gnoll bouda.
The gnoll bouda barely misses you. The gnoll barely misses you.
The gnoll hits you with a +0 flail.
You shoot an arrow.
The arrow hits the gnoll bouda but does no damage.
The gnoll bouda is lightly wounded.
The gnoll bouda hits you but does no damage.
The gnoll barely misses you. x2
You shoot an arrow. The arrow hits the gnoll bouda.
The gnoll bouda is lightly wounded.
The gnoll bouda hits you with a +0 whip.
The gnoll hits you from afar with a +0 halberd!
The gnoll hits you with a +0 flail.
You shoot an arrow. The arrow hits the gnoll bouda.
The gnoll bouda is moderately wounded.
The gnoll bouda closely misses you. The gnoll closely misses you.
The gnoll barely misses you.
You shoot an arrow.
The arrow barely misses the gnoll bouda.
The gnoll bouda hits you with a +0 whip.
The gnoll hits you from afar with a +0 halberd!
The gnoll closely misses you.
You shoot an arrow.
The arrow hits the gnoll bouda but does no damage.
The gnoll bouda is moderately wounded.
The gnoll bouda hits you but does no damage.
The gnoll closely misses you. The gnoll hits you with a +0 flail.
You shoot an arrow. The arrow hits the gnoll bouda!
The gnoll bouda is severely wounded.
The gnoll bouda misses you. The gnoll closely misses you.
The gnoll hits you but does no damage. The gnoll bouda closely misses you.
You shoot an arrow.
The arrow barely misses the gnoll bouda.
The gnoll hits you from afar with a +0 halberd.
The gnoll hits you with a +0 flail.
The gnoll bouda hits you with a +0 whip.
You die...

#.##....#####
####.....#.....#
#....###...###..#
#
###...........#.
.#.###
#......####..
......##.###### #
.#.#.....# #
#.....ggg# #
#..#.>)#@# # #
#...#.# #
gg...#.# #
...#.....# #
.).#.###.# .. .#
##. .. . .


You could see a gnoll bouda and 2 gnolls.

Vanquished Creatures
  A scorpion (D:4)
  A hound (D:4)
  2 adders (D:4)
  2 worms
  2 dart slugs
  An orc (D:3)
  7 bats
  5 endoplasms
  3 giant cockroaches
  5 hobgoblins
  4 jackals (D:1)
  7 kobolds
  6 quokkas
  5 ball pythons
  3 frilled lizards
  5 goblins
  4 rats
63 creatures vanquished.

Notes
Turn   | Place    | Note
-------+----------+-------------------------------------------
     0 | D:1      | qw the Gargoyle Hunter began the quest for the Orb.
     0 | D:1      | Reached XP level 1. HP: 12/12 MP: 1/1
     0 | D:1      | 0 ||| qw: Version: 0.3-a-76-g4403597
     0 | D:1      | 0 ||| qw: Game counter: 721
     0 | D:1      | 0 ||| qw: Melee chars always use a shield: true
     0 | D:1      | 0 ||| qw: God list: Okawaru
     0 | D:1      | 0 ||| qw: Allow faded altars: false
     0 | D:1      | 0 ||| qw: Do Orc after clearing Dungeon:15 true
     0 | D:1      | 0 ||| qw: Do second Lair branch before Depths: true
     0 | D:1      | 0 ||| qw: Lair rune preference: random
     0 | D:1      | 0 ||| qw: Goals: Normal
     0 | D:1      | 0 ||| PLANNING D:1-11
   132 | D:1      | Reached XP level 2. HP: 17/17 MP: 2/2
   141 | D:1      | 141 ||| Stepping ~*~*~tactically~*~*~ (outnumbered).
   456 | D:1      | Reached XP level 3. HP: 21/21 MP: 3/3
   487 | D:1      | Reached skill level 5 in Ranged Weapons
   686 | D:1      | 686 ||| READING 2 scrolls labelled YSUN XITTU.
   687 | D:1      | 687 ||| READING scroll labelled FUEVU APIURYORUNT.
   691 | D:1      | 691 ||| READING 2 scrolls labelled RAOGYDUFI.
   692 | D:1      | 692 ||| READING scroll labelled MIKODY QENEMU.
   693 | D:1      | 693 ||| DROPPING scroll of blinking.
   694 | D:1      | 694 ||| DROPPING scroll of butterflies.
   695 | D:1      | 695 ||| DROPPING scroll of fear.
   942 | D:2      | Reached skill level 3 in Fighting
   961 | D:2      | Found a faded altar of an unknown god.
  1113 | D:2      | 1113 ||| FLEEEEING.
  1267 | D:2      | 1267 ||| READING scroll labelled COS JIHUNO.
  1268 | D:2      | 1268 ||| DRINKING 2 viscous ruby potions.
  1302 | D:3      | Reached XP level 4. HP: 28/28 MP: 4/4
  1463 | D:3      | Found a burning altar of Makhleb.
  1465 | D:3      | Found an iron altar of Okawaru.
  1466 | D:3      | 1466 ||| PLANNING OKAWARU WORSHIP
  1466 | D:3      | Found a basalt altar of Yredelemnul.
  1467 | D:3      | Found a sacrificial altar of Ru.
  1470 | D:3      | Found a shimmering blue altar of Sif Muna.
  1470 | D:3      | Found a stormy altar of Qazlal.
  1470 | D:3      | Found a broken altar of Ashenzari.
  1471 | D:3      | Found a bloodstained altar of Trog.
  1474 | D:3      | Became a worshipper of Warmaster Okawaru
  1475 | D:3      | 1475 ||| PLANNING D:1-11
  1939 | D:3      | 1939 ||| UPGRADING to +0 cloak.
  2046 | D:4      | Noticed a scorpion
  2047 | D:4      | 2047 ||| RETREATING.
  2051 | D:4      | 2051 ||| Stepping ~*~*~tactically~*~*~ (retreating).
  2065 | D:4      | HP: 7/28 [scorpion (4)]
  2066 | D:4      | 2066 ||| READING scroll of teleportation.
  2069 | D:4      | Killed a scorpion
  2070 | D:4      | Reached skill level 6 in Ranged Weapons
  2070 | D:4      | Reached XP level 5. HP: 6/32 MP: 5/5
  2202 | D:4      | Found a staircase to the Ecumenical Temple.
  2427 | D:4      | 2427 ||| Stepping ~*~*~tactically~*~*~ (outnumbered).
  2429 | D:4      | Reached skill level 1 in Armour
  2431 | D:4      | 2431 ||| RETREATING.
  2434 | D:4      | 2434 ||| Stepping ~*~*~tactically~*~*~ (retreating).
  2435 | D:4      | 2435 ||| Stepping ~*~*~tactically~*~*~ (outnumbered).
  2444 | D:4      | HP: 7/32 [gnoll/+0 halberd[a gnoll bouda] (7)]
  2447 | D:4      | HP: 3/32 [gnoll/+0 flail[a gnoll bouda] (1)]
  2447 | D:4      | Slain by a gnoll bouda

Levels and vault maps discovered:
D:1:      scummos_arrival_gate, layout_loops_ring
D:2:      layout_loops_cross, ebering_ecumenical_altar_webs
D:3:      layout_basic, grunt_temple_overflow_open, kennysheep_generic_room_14
D:4:      minmay_opposing_rooms, layout_loops_cross, kennysheep_mini,
          minmay_temple_entry_nine_rooms, kennysheep_minor_cross,
          supply_closet_lemuel, minmay_misc_feat_enclosed

Skill      XL: |  1  2  3  4  5 |
---------------+----------------+-----
Ranged Weapons | 5 6 |  6.2
Fighting       | 3 |  3.1
Armour         | 1 |  1.0
Dodging        | |  1.5
Stealth        | |  1.1

Action                     |  1- 3 |  4- 6 || total
---------------------------+-------+-------++-------
   Fire: Shortbow          |   134 |   100 ||   234
    Use: Scroll            |     5 |     1 ||     6
         Potion            |     1 |       ||     1
 Armour: Leather armour    |    39 |    57 ||    96
  Dodge: Dodged            |    43 |    60 ||   103

Table legend:
 A = Non-vault XP
 B = Vault XP
 C = Vault XP percentage of total XP
 D = Non-vault monster count
 E = Vault monster count
 F = Vault count percentage of total count
                 A         B        C        D         E       F
            +---------+---------+-------+---------+---------+-------
      Total |     121 |     146 |  54.7 |      58 |       5 |   7.9
            +---------+---------+-------+---------+---------+-------
        D:1 |      48 |       0 |   0.0 |      27 |       0 |   0.0
        D:2 |      31 |       0 |   0.0 |      15 |       0 |   0.0
        D:3 |      22 |       0 |   0.0 |      13 |       0 |   0.0
        D:4 |      20 |     146 |  88.0 |       3 |       5 |  62.5
            +---------+---------+-------+---------+---------+-------
